%YAML 1.1
%TAG !u! tag:unity3d.com,2011:
--- !u!1 &1600949290782690708
GameObject:
  m_ObjectHideFlags: 0
  m_CorrespondingSourceObject: {fileID: 0}
  m_PrefabInstance: {fileID: 0}
  m_PrefabAsset: {fileID: 0}
  serializedVersion: 6
  m_Component:
  - component: {fileID: 2722387360388594648}
  m_Layer: 7
  m_Name: EnterPosition
  m_TagString: Untagged
  m_Icon: {fileID: 0}
  m_NavMeshLayer: 0
  m_StaticEditorFlags: 0
  m_IsActive: 1
--- !u!4 &2722387360388594648
Transform:
  m_ObjectHideFlags: 0
  m_CorrespondingSourceObject: {fileID: 0}
  m_PrefabInstance: {fileID: 0}
  m_PrefabAsset: {fileID: 0}
  m_GameObject: {fileID: 1600949290782690708}
  m_LocalRotation: {x: 0, y: 0, z: 0, w: 1}
  m_LocalPosition: {x: -0.8, y: 0, z: -0.2}
  m_LocalScale: {x: 1, y: 1, z: 1}
  m_Children: []
  m_Father: {fileID: 5923015052710521264}
  m_RootOrder: 15
  m_LocalEulerAnglesHint: {x: 0, y: 0, z: 0}
--- !u!1 &3957894847232123258
GameObject:
  m_ObjectHideFlags: 0
  m_CorrespondingSourceObject: {fileID: 0}
  m_PrefabInstance: {fileID: 0}
  m_PrefabAsset: {fileID: 0}
  serializedVersion: 6
  m_Component:
  - component: {fileID: 9189999957282419119}
  m_Layer: 7
  m_Name: TradePosition
  m_TagString: Untagged
  m_Icon: {fileID: 0}
  m_NavMeshLayer: 0
  m_StaticEditorFlags: 0
  m_IsActive: 1
--- !u!4 &9189999957282419119
Transform:
  m_ObjectHideFlags: 0
  m_CorrespondingSourceObject: {fileID: 0}
  m_PrefabInstance: {fileID: 0}
  m_PrefabAsset: {fileID: 0}
  m_GameObject: {fileID: 3957894847232123258}
  m_LocalRotation: {x: 0, y: 0, z: 0, w: 1}
  m_LocalPosition: {x: 1.3, y: 0, z: -0.2}
  m_LocalScale: {x: 1, y: 1, z: 1}
  m_Children: []
  m_Father: {fileID: 5923015052710521264}
  m_RootOrder: 16
  m_LocalEulerAnglesHint: {x: 0, y: 0, z: 0}
--- !u!1 &4412911308267372029
GameObject:
  m_ObjectHideFlags: 0
  m_CorrespondingSourceObject: {fileID: 0}
  m_PrefabInstance: {fileID: 0}
  m_PrefabAsset: {fileID: 0}
  serializedVersion: 6
  m_Component:
  - component: {fileID: 5923015052710521264}
  - component: {fileID: 1949140925817354957}
  - component: {fileID: 1894848829051088614}
  - component: {fileID: -7235828156179140069}
  m_Layer: 7
  m_Name: BO00 - Small Market
  m_TagString: Merchant
  m_Icon: {fileID: 0}
  m_NavMeshLayer: 0
  m_StaticEditorFlags: 0
  m_IsActive: 1
--- !u!4 &5923015052710521264
Transform:
  m_ObjectHideFlags: 0
  m_CorrespondingSourceObject: {fileID: 0}
  m_PrefabInstance: {fileID: 0}
  m_PrefabAsset: {fileID: 0}
  m_GameObject: {fileID: 4412911308267372029}
  m_LocalRotation: {x: 0, y: 0, z: 0, w: 1}
  m_LocalPosition: {x: 0, y: 0, z: 0}
  m_LocalScale: {x: 1, y: 1, z: 1}
  m_Children:
  - {fileID: 9101434042273939261}
  - {fileID: 5132145071384109411}
  - {fileID: 3785801279798882980}
  - {fileID: 8825061980054524478}
  - {fileID: 3951237327944348785}
  - {fileID: 1332846713857391449}
  - {fileID: 1983320466602728327}
  - {fileID: 6810416673593418019}
  - {fileID: 523553957212059534}
  - {fileID: 5101494554459333626}
  - {fileID: 4793421442738685794}
  - {fileID: 563189321155022568}
  - {fileID: 3912643659603081027}
  - {fileID: 6897317322937407012}
  - {fileID: 1054830650704634478}
  - {fileID: 2722387360388594648}
  - {fileID: 9189999957282419119}
  - {fileID: 6146746374611079454}
  m_Father: {fileID: 0}
  m_RootOrder: 0
  m_LocalEulerAnglesHint: {x: 0, y: 0, z: 0}
--- !u!114 &1949140925817354957
MonoBehaviour:
  m_ObjectHideFlags: 0
  m_CorrespondingSourceObject: {fileID: 0}
  m_PrefabInstance: {fileID: 0}
  m_PrefabAsset: {fileID: 0}
  m_GameObject: {fileID: 4412911308267372029}
  m_Enabled: 1
  m_EditorHideFlags: 0
  m_Script: {fileID: 11500000, guid: 850187f480885a5478aa87444027a318, type: 3}
  m_Name: 
  m_EditorClassIdentifier: 
  enterPosition: {fileID: 2722387360388594648}
  tradePosition: {fileID: 9189999957282419119}
  owner: {fileID: 0}
  isOpen: 0
  buildingType: 0
  cam: {fileID: 5739042396492865452}
  mainCam: {fileID: 0}
  constructToResearch: {fileID: 0}
  researchTime: 0
  sendStatus: 0
--- !u!65 &1894848829051088614
BoxCollider:
  m_ObjectHideFlags: 0
  m_CorrespondingSourceObject: {fileID: 0}
  m_PrefabInstance: {fileID: 0}
  m_PrefabAsset: {fileID: 0}
  m_GameObject: {fileID: 4412911308267372029}
  m_Material: {fileID: 0}
  m_IsTrigger: 1
  m_Enabled: 1
  serializedVersion: 2
  m_Size: {x: 1.9195595, y: 2.6807568, z: 2.5597157}
  m_Center: {x: 0.45977986, y: 0.8403784, z: -0.19076723}
--- !u!114 &-7235828156179140069
MonoBehaviour:
  m_ObjectHideFlags: 0
  m_CorrespondingSourceObject: {fileID: 0}
  m_PrefabInstance: {fileID: 0}
  m_PrefabAsset: {fileID: 0}
  m_GameObject: {fileID: 4412911308267372029}
  m_Enabled: 1
  m_EditorHideFlags: 0
  m_Script: {fileID: 11500000, guid: 8b3e78fccdfa87e4482791b4f127c89b, type: 3}
  m_Name: 
  m_EditorClassIdentifier: 
  interaction: 4
  buildingEmpty: {fileID: 11400000, guid: ef74be01226df534bbfbcb07e0e10142, type: 2}
  buildingClosed: {fileID: 11400000, guid: 496422ab994fff4419cf5aa5351e7357, type: 2}
  enemiesNearby: {fileID: 0}
--- !u!114 &29245293400717516
MonoBehaviour:
  m_ObjectHideFlags: 0
  m_CorrespondingSourceObject: {fileID: 0}
  m_PrefabInstance: {fileID: 0}
  m_PrefabAsset: {fileID: 0}
  m_GameObject: {fileID: 8825061980054425118}
  m_Enabled: 1
  m_EditorHideFlags: 0
  m_Script: {fileID: 11500000, guid: 469292c3794f5064a8c045323d89794c, type: 3}
  m_Name: 
  m_EditorClassIdentifier: 
  lightObject: {fileID: 2630300811027057778}
--- !u!1 &9214063362230756419
GameObject:
  m_ObjectHideFlags: 0
  m_CorrespondingSourceObject: {fileID: 0}
  m_PrefabInstance: {fileID: 0}
  m_PrefabAsset: {fileID: 0}
  serializedVersion: 6
  m_Component:
  - component: {fileID: 6146746374611079454}
  - component: {fileID: 5739042396492865452}
  - component: {fileID: 1847299811835419311}
  m_Layer: 7
  m_Name: Camera
  m_TagString: Untagged
  m_Icon: {fileID: 0}
  m_NavMeshLayer: 0
  m_StaticEditorFlags: 0
  m_IsActive: 0
--- !u!4 &6146746374611079454
Transform:
  m_ObjectHideFlags: 0
  m_CorrespondingSourceObject: {fileID: 0}
  m_PrefabInstance: {fileID: 0}
  m_PrefabAsset: {fileID: 0}
  m_GameObject: {fileID: 9214063362230756419}
  m_LocalRotation: {x: 0.07550721, y: -0.70306385, z: 0.07550721, w: 0.70306385}
  m_LocalPosition: {x: 1.35, y: 1.85, z: -0.24}
  m_LocalScale: {x: 1, y: 1, z: 1}
  m_Children: []
  m_Father: {fileID: 5923015052710521264}
  m_RootOrder: 17
  m_LocalEulerAnglesHint: {x: 12.26, y: -90, z: 0}
--- !u!20 &5739042396492865452
Camera:
  m_ObjectHideFlags: 0
  m_CorrespondingSourceObject: {fileID: 0}
  m_PrefabInstance: {fileID: 0}
  m_PrefabAsset: {fileID: 0}
  m_GameObject: {fileID: 9214063362230756419}
  m_Enabled: 1
  serializedVersion: 2
  m_ClearFlags: 1
  m_BackGroundColor: {r: 0.19215687, g: 0.3019608, b: 0.4745098, a: 0}
  m_projectionMatrixMode: 1
  m_GateFitMode: 2
  m_FOVAxisMode: 0
  m_SensorSize: {x: 36, y: 24}
  m_LensShift: {x: 0, y: 0}
  m_FocalLength: 50
  m_NormalizedViewPortRect:
    serializedVersion: 2
    x: 0
    y: 0
    width: 1
    height: 1
  near clip plane: 0.3
  far clip plane: 1000
  field of view: 60
  orthographic: 0
  orthographic size: 5
  m_Depth: 0
  m_CullingMask:
    serializedVersion: 2
    m_Bits: 4294967295
  m_RenderingPath: -1
  m_TargetTexture: {fileID: 0}
  m_TargetDisplay: 0
  m_TargetEye: 3
  m_HDR: 1
  m_AllowMSAA: 1
  m_AllowDynamicResolution: 0
  m_ForceIntoRT: 0
  m_OcclusionCulling: 1
  m_StereoConvergence: 10
  m_StereoSeparation: 0.022
--- !u!81 &1847299811835419311
AudioListener:
  m_ObjectHideFlags: 0
  m_CorrespondingSourceObject: {fileID: 0}
  m_PrefabInstance: {fileID: 0}
  m_PrefabAsset: {fileID: 0}
  m_GameObject: {fileID: 9214063362230756419}
  m_Enabled: 1
--- !u!1001 &267465314870727473
PrefabInstance:
  m_ObjectHideFlags: 0
  serializedVersion: 2
  m_Modification:
    m_TransformParent: {fileID: 5923015052710521264}
    m_Modifications:
    - target: {fileID: 4940220681771232882, guid: 0bcf2d2a4f4f4ec4f9e3d775a03ecf97, type: 3}
      propertyPath: m_Name
      value: Container_BackPack_01_Base
      objectReference: {fileID: 0}
    - target: {fileID: 4940220681771232882, guid: 0bcf2d2a4f4f4ec4f9e3d775a03ecf97, type: 3}
      propertyPath: m_Layer
      value: 7
      objectReference: {fileID: 0}
    - target: {fileID: 4940220681771332178, guid: 0bcf2d2a4f4f4ec4f9e3d775a03ecf97, type: 3}
      propertyPath: m_RootOrder
      value: 1
      objectReference: {fileID: 0}
    - target: {fileID: 4940220681771332178, guid: 0bcf2d2a4f4f4ec4f9e3d775a03ecf97, type: 3}
      propertyPath: m_LocalPosition.x
      value: 0.66638565
      objectReference: {fileID: 0}
    - target: {fileID: 4940220681771332178, guid: 0bcf2d2a4f4f4ec4f9e3d775a03ecf97, type: 3}
      propertyPath: m_LocalPosition.y
      value: 0.30299997
      objectReference: {fileID: 0}
    - target: {fileID: 4940220681771332178, guid: 0bcf2d2a4f4f4ec4f9e3d775a03ecf97, type: 3}
      propertyPath: m_LocalPosition.z
      value: 2.0143356
      objectReference: {fileID: 0}
    - target: {fileID: 4940220681771332178, guid: 0bcf2d2a4f4f4ec4f9e3d775a03ecf97, type: 3}
      propertyPath: m_LocalRotation.w
      value: 1
      objectReference: {fileID: 0}
    - target: {fileID: 4940220681771332178, guid: 0bcf2d2a4f4f4ec4f9e3d775a03ecf97, type: 3}
      propertyPath: m_LocalRotation.x
      value: -0
      objectReference: {fileID: 0}
    - target: {fileID: 4940220681771332178, guid: 0bcf2d2a4f4f4ec4f9e3d775a03ecf97, type: 3}
      propertyPath: m_LocalRotation.y
      value: -0
      objectReference: {fileID: 0}
    - target: {fileID: 4940220681771332178, guid: 0bcf2d2a4f4f4ec4f9e3d775a03ecf97, type: 3}
      propertyPath: m_LocalRotation.z
      value: -0
      objectReference: {fileID: 0}
    - target: {fileID: 4940220681771332178, guid: 0bcf2d2a4f4f4ec4f9e3d775a03ecf97, type: 3}
      propertyPath: m_LocalEulerAnglesHint.x
      value: 0
      objectReference: {fileID: 0}
    - target: {fileID: 4940220681771332178, guid: 0bcf2d2a4f4f4ec4f9e3d775a03ecf97, type: 3}
      propertyPath: m_LocalEulerAnglesHint.y
      value: 0
      objectReference: {fileID: 0}
    - target: {fileID: 4940220681771332178, guid: 0bcf2d2a4f4f4ec4f9e3d775a03ecf97, type: 3}
      propertyPath: m_LocalEulerAnglesHint.z
      value: 0
      objectReference: {fileID: 0}
    m_RemovedComponents: []
  m_SourcePrefab: {fileID: 100100000, guid: 0bcf2d2a4f4f4ec4f9e3d775a03ecf97, type: 3}
--- !u!4 &5132145071384109411 stripped
Transform:
  m_CorrespondingSourceObject: {fileID: 4940220681771332178, guid: 0bcf2d2a4f4f4ec4f9e3d775a03ecf97, type: 3}
  m_PrefabInstance: {fileID: 267465314870727473}
  m_PrefabAsset: {fileID: 0}
--- !u!1001 &2241571611923241773
PrefabInstance:
  m_ObjectHideFlags: 0
  serializedVersion: 2
  m_Modification:
    m_TransformParent: {fileID: 5923015052710521264}
    m_Modifications:
    - target: {fileID: 4726770116394891790, guid: efdb19f496c434a48b35c70ed5dd90a1, type: 3}
      propertyPath: m_RootOrder
      value: 7
      objectReference: {fileID: 0}
    - target: {fileID: 4726770116394891790, guid: efdb19f496c434a48b35c70ed5dd90a1, type: 3}
      propertyPath: m_LocalPosition.x
      value: 0.10935211
      objectReference: {fileID: 0}
    - target: {fileID: 4726770116394891790, guid: efdb19f496c434a48b35c70ed5dd90a1, type: 3}
      propertyPath: m_LocalPosition.y
      value: 1.117716
      objectReference: {fileID: 0}
    - target: {fileID: 4726770116394891790, guid: efdb19f496c434a48b35c70ed5dd90a1, type: 3}
      propertyPath: m_LocalPosition.z
      value: -1.006485
      objectReference: {fileID: 0}
    - target: {fileID: 4726770116394891790, guid: efdb19f496c434a48b35c70ed5dd90a1, type: 3}
      propertyPath: m_LocalRotation.w
      value: 0.42212477
      objectReference: {fileID: 0}
    - target: {fileID: 4726770116394891790, guid: efdb19f496c434a48b35c70ed5dd90a1, type: 3}
      propertyPath: m_LocalRotation.x
      value: -0
      objectReference: {fileID: 0}
    - target: {fileID: 4726770116394891790, guid: efdb19f496c434a48b35c70ed5dd90a1, type: 3}
      propertyPath: m_LocalRotation.y
      value: -0.9065378
      objectReference: {fileID: 0}
    - target: {fileID: 4726770116394891790, guid: efdb19f496c434a48b35c70ed5dd90a1, type: 3}
      propertyPath: m_LocalRotation.z
      value: -0
      objectReference: {fileID: 0}
    - target: {fileID: 4726770116394891790, guid: efdb19f496c434a48b35c70ed5dd90a1, type: 3}
      propertyPath: m_LocalEulerAnglesHint.x
      value: 0
      objectReference: {fileID: 0}
    - target: {fileID: 4726770116394891790, guid: efdb19f496c434a48b35c70ed5dd90a1, type: 3}
      propertyPath: m_LocalEulerAnglesHint.y
      value: -130.062
      objectReference: {fileID: 0}
    - target: {fileID: 4726770116394891790, guid: efdb19f496c434a48b35c70ed5dd90a1, type: 3}
      propertyPath: m_LocalEulerAnglesHint.z
      value: 0
      objectReference: {fileID: 0}
    - target: {fileID: 8629888338258610205, guid: efdb19f496c434a48b35c70ed5dd90a1, type: 3}
      propertyPath: m_Name
      value: P_PROP_bottle_07
      objectReference: {fileID: 0}
    - target: {fileID: 8629888338258610205, guid: efdb19f496c434a48b35c70ed5dd90a1, type: 3}
      propertyPath: m_Layer
      value: 7
      objectReference: {fileID: 0}
    m_RemovedComponents: []
  m_SourcePrefab: {fileID: 100100000, guid: efdb19f496c434a48b35c70ed5dd90a1, type: 3}
--- !u!4 &6810416673593418019 stripped
Transform:
  m_CorrespondingSourceObject: {fileID: 4726770116394891790, guid: efdb19f496c434a48b35c70ed5dd90a1, type: 3}
  m_PrefabInstance: {fileID: 2241571611923241773}
  m_PrefabAsset: {fileID: 0}
--- !u!1001 &3256393228006262337
PrefabInstance:
  m_ObjectHideFlags: 0
  serializedVersion: 2
  m_Modification:
    m_TransformParent: {fileID: 5923015052710521264}
    m_Modifications:
    - target: {fileID: 654544485776084747, guid: 757c9ef934ea29e4cae13cd8554da777, type: 3}
      propertyPath: m_Name
      value: P_PROP_bottle_02
      objectReference: {fileID: 0}
    - target: {fileID: 654544485776084747, guid: 757c9ef934ea29e4cae13cd8554da777, type: 3}
      propertyPath: m_Layer
      value: 7
      objectReference: {fileID: 0}
    - target: {fileID: 4561637782497869080, guid: 757c9ef934ea29e4cae13cd8554da777, type: 3}
      propertyPath: m_RootOrder
      value: 5
      objectReference: {fileID: 0}
    - target: {fileID: 4561637782497869080, guid: 757c9ef934ea29e4cae13cd8554da777, type: 3}
      propertyPath: m_LocalPosition.x
      value: 0.28071213
      objectReference: {fileID: 0}
    - target: {fileID: 4561637782497869080, guid: 757c9ef934ea29e4cae13cd8554da777, type: 3}
      propertyPath: m_LocalPosition.y
      value: 1.1177435
      objectReference: {fileID: 0}
    - target: {fileID: 4561637782497869080, guid: 757c9ef934ea29e4cae13cd8554da777, type: 3}
      propertyPath: m_LocalPosition.z
      value: -0.95741653
      objectReference: {fileID: 0}
    - target: {fileID: 4561637782497869080, guid: 757c9ef934ea29e4cae13cd8554da777, type: 3}
      propertyPath: m_LocalRotation.w
      value: 0.46342388
      objectReference: {fileID: 0}
    - target: {fileID: 4561637782497869080, guid: 757c9ef934ea29e4cae13cd8554da777, type: 3}
      propertyPath: m_LocalRotation.x
      value: -0
      objectReference: {fileID: 0}
    - target: {fileID: 4561637782497869080, guid: 757c9ef934ea29e4cae13cd8554da777, type: 3}
      propertyPath: m_LocalRotation.y
      value: -0.8861368
      objectReference: {fileID: 0}
    - target: {fileID: 4561637782497869080, guid: 757c9ef934ea29e4cae13cd8554da777, type: 3}
      propertyPath: m_LocalRotation.z
      value: -0
      objectReference: {fileID: 0}
    - target: {fileID: 4561637782497869080, guid: 757c9ef934ea29e4cae13cd8554da777, type: 3}
      propertyPath: m_LocalEulerAnglesHint.x
      value: 0
      objectReference: {fileID: 0}
    - target: {fileID: 4561637782497869080, guid: 757c9ef934ea29e4cae13cd8554da777, type: 3}
      propertyPath: m_LocalEulerAnglesHint.y
      value: -124.784
      objectReference: {fileID: 0}
    - target: {fileID: 4561637782497869080, guid: 757c9ef934ea29e4cae13cd8554da777, type: 3}
      propertyPath: m_LocalEulerAnglesHint.z
      value: 0
      objectReference: {fileID: 0}
    m_RemovedComponents: []
  m_SourcePrefab: {fileID: 100100000, guid: 757c9ef934ea29e4cae13cd8554da777, type: 3}
--- !u!4 &1332846713857391449 stripped
Transform:
  m_CorrespondingSourceObject: {fileID: 4561637782497869080, guid: 757c9ef934ea29e4cae13cd8554da777, type: 3}
  m_PrefabInstance: {fileID: 3256393228006262337}
  m_PrefabAsset: {fileID: 0}
--- !u!1001 &3431113364700810716
PrefabInstance:
  m_ObjectHideFlags: 0
  serializedVersion: 2
  m_Modification:
    m_TransformParent: {fileID: 5923015052710521264}
    m_Modifications:
    - target: {fileID: 2167993946162966823, guid: 69d3388febd49924ab953be0e9108e91, type: 3}
      propertyPath: m_Name
      value: P_PROP_bowl_wood_04
      objectReference: {fileID: 0}
    - target: {fileID: 2167993946162966823, guid: 69d3388febd49924ab953be0e9108e91, type: 3}
      propertyPath: m_Layer
      value: 7
      objectReference: {fileID: 0}
    - target: {fileID: 2904006854095618868, guid: 69d3388febd49924ab953be0e9108e91, type: 3}
      propertyPath: m_RootOrder
      value: 11
      objectReference: {fileID: 0}
    - target: {fileID: 2904006854095618868, guid: 69d3388febd49924ab953be0e9108e91, type: 3}
      propertyPath: m_LocalPosition.x
      value: 0.4356575
      objectReference: {fileID: 0}
    - target: {fileID: 2904006854095618868, guid: 69d3388febd49924ab953be0e9108e91, type: 3}
      propertyPath: m_LocalPosition.y
      value: 1.1176149
      objectReference: {fileID: 0}
    - target: {fileID: 2904006854095618868, guid: 69d3388febd49924ab953be0e9108e91, type: 3}
      propertyPath: m_LocalPosition.z
      value: 0.42394257
      objectReference: {fileID: 0}
    - target: {fileID: 2904006854095618868, guid: 69d3388febd49924ab953be0e9108e91, type: 3}
      propertyPath: m_LocalRotation.w
      value: 1
      objectReference: {fileID: 0}
    - target: {fileID: 2904006854095618868, guid: 69d3388febd49924ab953be0e9108e91, type: 3}
      propertyPath: m_LocalRotation.x
      value: -0
      objectReference: {fileID: 0}
    - target: {fileID: 2904006854095618868, guid: 69d3388febd49924ab953be0e9108e91, type: 3}
      propertyPath: m_LocalRotation.y
      value: -0
      objectReference: {fileID: 0}
    - target: {fileID: 2904006854095618868, guid: 69d3388febd49924ab953be0e9108e91, type: 3}
      propertyPath: m_LocalRotation.z
      value: -0
      objectReference: {fileID: 0}
    - target: {fileID: 2904006854095618868, guid: 69d3388febd49924ab953be0e9108e91, type: 3}
      propertyPath: m_LocalEulerAnglesHint.x
      value: 0
      objectReference: {fileID: 0}
    - target: {fileID: 2904006854095618868, guid: 69d3388febd49924ab953be0e9108e91, type: 3}
      propertyPath: m_LocalEulerAnglesHint.y
      value: 0
      objectReference: {fileID: 0}
    - target: {fileID: 2904006854095618868, guid: 69d3388febd49924ab953be0e9108e91, type: 3}
      propertyPath: m_LocalEulerAnglesHint.z
      value: 0
      objectReference: {fileID: 0}
    m_RemovedComponents: []
  m_SourcePrefab: {fileID: 100100000, guid: 69d3388febd49924ab953be0e9108e91, type: 3}
--- !u!4 &563189321155022568 stripped
Transform:
  m_CorrespondingSourceObject: {fileID: 2904006854095618868, guid: 69d3388febd49924ab953be0e9108e91, type: 3}
  m_PrefabInstance: {fileID: 3431113364700810716}
  m_PrefabAsset: {fileID: 0}
--- !u!1001 &3438289212111529514
PrefabInstance:
  m_ObjectHideFlags: 0
  serializedVersion: 2
  m_Modification:
    m_TransformParent: {fileID: 5923015052710521264}
    m_Modifications:
    - target: {fileID: 1829267081927184987, guid: 00e0f5af2fd2f2f48a85afdfad85ac48, type: 3}
      propertyPath: m_RootOrder
      value: 4
      objectReference: {fileID: 0}
    - target: {fileID: 1829267081927184987, guid: 00e0f5af2fd2f2f48a85afdfad85ac48, type: 3}
      propertyPath: m_LocalPosition.x
      value: 0.30586624
      objectReference: {fileID: 0}
    - target: {fileID: 1829267081927184987, guid: 00e0f5af2fd2f2f48a85afdfad85ac48, type: 3}
      propertyPath: m_LocalPosition.y
      value: -0.030312419
      objectReference: {fileID: 0}
    - target: {fileID: 1829267081927184987, guid: 00e0f5af2fd2f2f48a85afdfad85ac48, type: 3}
      propertyPath: m_LocalPosition.z
      value: 2.3004913
      objectReference: {fileID: 0}
    - target: {fileID: 1829267081927184987, guid: 00e0f5af2fd2f2f48a85afdfad85ac48, type: 3}
      propertyPath: m_LocalRotation.w
      value: 0.947741
      objectReference: {fileID: 0}
    - target: {fileID: 1829267081927184987, guid: 00e0f5af2fd2f2f48a85afdfad85ac48, type: 3}
      propertyPath: m_LocalRotation.x
      value: -0
      objectReference: {fileID: 0}
    - target: {fileID: 1829267081927184987, guid: 00e0f5af2fd2f2f48a85afdfad85ac48, type: 3}
      propertyPath: m_LocalRotation.y
      value: -0.3190408
      objectReference: {fileID: 0}
    - target: {fileID: 1829267081927184987, guid: 00e0f5af2fd2f2f48a85afdfad85ac48, type: 3}
      propertyPath: m_LocalRotation.z
      value: -0
      objectReference: {fileID: 0}
    - target: {fileID: 1829267081927184987, guid: 00e0f5af2fd2f2f48a85afdfad85ac48, type: 3}
      propertyPath: m_LocalEulerAnglesHint.x
      value: 0
      objectReference: {fileID: 0}
    - target: {fileID: 1829267081927184987, guid: 00e0f5af2fd2f2f48a85afdfad85ac48, type: 3}
      propertyPath: m_LocalEulerAnglesHint.y
      value: -37.21
      objectReference: {fileID: 0}
    - target: {fileID: 1829267081927184987, guid: 00e0f5af2fd2f2f48a85afdfad85ac48, type: 3}
      propertyPath: m_LocalEulerAnglesHint.z
      value: 0
      objectReference: {fileID: 0}
    - target: {fileID: 3402897644945875016, guid: 00e0f5af2fd2f2f48a85afdfad85ac48, type: 3}
      propertyPath: m_Name
      value: P_PROP_barrel_01
      objectReference: {fileID: 0}
    - target: {fileID: 3402897644945875016, guid: 00e0f5af2fd2f2f48a85afdfad85ac48, type: 3}
      propertyPath: m_Layer
      value: 7
      objectReference: {fileID: 0}
    m_RemovedComponents: []
  m_SourcePrefab: {fileID: 100100000, guid: 00e0f5af2fd2f2f48a85afdfad85ac48, type: 3}
--- !u!4 &3951237327944348785 stripped
Transform:
  m_CorrespondingSourceObject: {fileID: 1829267081927184987, guid: 00e0f5af2fd2f2f48a85afdfad85ac48, type: 3}
  m_PrefabInstance: {fileID: 3438289212111529514}
  m_PrefabAsset: {fileID: 0}
--- !u!1001 &4783249481145892161
PrefabInstance:
  m_ObjectHideFlags: 0
  serializedVersion: 2
  m_Modification:
    m_TransformParent: {fileID: 5923015052710521264}
    m_Modifications:
    - target: {fileID: 64215227006958115, guid: 00d1b3dc9b5b4b943a45d7e338a0dec4, type: 3}
      propertyPath: m_RootOrder
      value: 10
      objectReference: {fileID: 0}
    - target: {fileID: 64215227006958115, guid: 00d1b3dc9b5b4b943a45d7e338a0dec4, type: 3}
      propertyPath: m_LocalPosition.x
      value: 0.6687546
      objectReference: {fileID: 0}
    - target: {fileID: 64215227006958115, guid: 00d1b3dc9b5b4b943a45d7e338a0dec4, type: 3}
      propertyPath: m_LocalPosition.y
      value: -0.047023535
      objectReference: {fileID: 0}
    - target: {fileID: 64215227006958115, guid: 00d1b3dc9b5b4b943a45d7e338a0dec4, type: 3}
      propertyPath: m_LocalPosition.z
      value: 1.559433
      objectReference: {fileID: 0}
    - target: {fileID: 64215227006958115, guid: 00d1b3dc9b5b4b943a45d7e338a0dec4, type: 3}
      propertyPath: m_LocalRotation.w
      value: 1
      objectReference: {fileID: 0}
    - target: {fileID: 64215227006958115, guid: 00d1b3dc9b5b4b943a45d7e338a0dec4, type: 3}
      propertyPath: m_LocalRotation.x
      value: -0
      objectReference: {fileID: 0}
    - target: {fileID: 64215227006958115, guid: 00d1b3dc9b5b4b943a45d7e338a0dec4, type: 3}
      propertyPath: m_LocalRotation.y
      value: -0
      objectReference: {fileID: 0}
    - target: {fileID: 64215227006958115, guid: 00d1b3dc9b5b4b943a45d7e338a0dec4, type: 3}
      propertyPath: m_LocalRotation.z
      value: -0
      objectReference: {fileID: 0}
    - target: {fileID: 64215227006958115, guid: 00d1b3dc9b5b4b943a45d7e338a0dec4, type: 3}
      propertyPath: m_LocalEulerAnglesHint.x
      value: 0
      objectReference: {fileID: 0}
    - target: {fileID: 64215227006958115, guid: 00d1b3dc9b5b4b943a45d7e338a0dec4, type: 3}
      propertyPath: m_LocalEulerAnglesHint.y
      value: 0
      objectReference: {fileID: 0}
    - target: {fileID: 64215227006958115, guid: 00d1b3dc9b5b4b943a45d7e338a0dec4, type: 3}
      propertyPath: m_LocalEulerAnglesHint.z
      value: 0
      objectReference: {fileID: 0}
    - target: {fileID: 3945006696232732720, guid: 00d1b3dc9b5b4b943a45d7e338a0dec4, type: 3}
      propertyPath: m_Name
      value: P_PROP_barrel_04
      objectReference: {fileID: 0}
    - target: {fileID: 3945006696232732720, guid: 00d1b3dc9b5b4b943a45d7e338a0dec4, type: 3}
      propertyPath: m_Layer
      value: 7
      objectReference: {fileID: 0}
    m_RemovedComponents: []
  m_SourcePrefab: {fileID: 100100000, guid: 00d1b3dc9b5b4b943a45d7e338a0dec4, type: 3}
--- !u!4 &4793421442738685794 stripped
Transform:
  m_CorrespondingSourceObject: {fileID: 64215227006958115, guid: 00d1b3dc9b5b4b943a45d7e338a0dec4, type: 3}
  m_PrefabInstance: {fileID: 4783249481145892161}
  m_PrefabAsset: {fileID: 0}
--- !u!1001 &5033806866235226046
PrefabInstance:
  m_ObjectHideFlags: 0
  serializedVersion: 2
  m_Modification:
    m_TransformParent: {fileID: 5923015052710521264}
    m_Modifications:
    - target: {fileID: 5438147470790576624, guid: 4550677a5476b3d4b8a598796c576963, type: 3}
      propertyPath: m_Name
      value: Structure_Stall_01
      objectReference: {fileID: 0}
    - target: {fileID: 5438147470790576624, guid: 4550677a5476b3d4b8a598796c576963, type: 3}
      propertyPath: m_Layer
      value: 7
      objectReference: {fileID: 0}
    - target: {fileID: 5438147470790576624, guid: 4550677a5476b3d4b8a598796c576963, type: 3}
      propertyPath: m_TagString
      value: Untagged
      objectReference: {fileID: 0}
    - target: {fileID: 5438147470790940112, guid: 4550677a5476b3d4b8a598796c576963, type: 3}
      propertyPath: m_RootOrder
      value: 14
      objectReference: {fileID: 0}
    - target: {fileID: 5438147470790940112, guid: 4550677a5476b3d4b8a598796c576963, type: 3}
      propertyPath: m_LocalPosition.x
      value: 0.18465805
      objectReference: {fileID: 0}
    - target: {fileID: 5438147470790940112, guid: 4550677a5476b3d4b8a598796c576963, type: 3}
      propertyPath: m_LocalPosition.y
      value: -0.002174139
      objectReference: {fileID: 0}
    - target: {fileID: 5438147470790940112, guid: 4550677a5476b3d4b8a598796c576963, type: 3}
      propertyPath: m_LocalPosition.z
      value: -0.19805527
      objectReference: {fileID: 0}
    - target: {fileID: 5438147470790940112, guid: 4550677a5476b3d4b8a598796c576963, type: 3}
      propertyPath: m_LocalRotation.w
      value: 1
      objectReference: {fileID: 0}
    - target: {fileID: 5438147470790940112, guid: 4550677a5476b3d4b8a598796c576963, type: 3}
      propertyPath: m_LocalRotation.x
      value: -0
      objectReference: {fileID: 0}
    - target: {fileID: 5438147470790940112, guid: 4550677a5476b3d4b8a598796c576963, type: 3}
      propertyPath: m_LocalRotation.y
      value: -0
      objectReference: {fileID: 0}
    - target: {fileID: 5438147470790940112, guid: 4550677a5476b3d4b8a598796c576963, type: 3}
      propertyPath: m_LocalRotation.z
      value: -0
      objectReference: {fileID: 0}
    - target: {fileID: 5438147470790940112, guid: 4550677a5476b3d4b8a598796c576963, type: 3}
      propertyPath: m_LocalEulerAnglesHint.x
      value: 0
      objectReference: {fileID: 0}
    - target: {fileID: 5438147470790940112, guid: 4550677a5476b3d4b8a598796c576963, type: 3}
      propertyPath: m_LocalEulerAnglesHint.y
      value: 0
      objectReference: {fileID: 0}
    - target: {fileID: 5438147470790940112, guid: 4550677a5476b3d4b8a598796c576963, type: 3}
      propertyPath: m_LocalEulerAnglesHint.z
      value: 0
      objectReference: {fileID: 0}
    - target: {fileID: 9166119352648209708, guid: 4550677a5476b3d4b8a598796c576963, type: 3}
      propertyPath: m_Layer
      value: 7
      objectReference: {fileID: 0}
    m_RemovedComponents: []
  m_SourcePrefab: {fileID: 100100000, guid: 4550677a5476b3d4b8a598796c576963, type: 3}
--- !u!4 &1054830650704634478 stripped
Transform:
  m_CorrespondingSourceObject: {fileID: 5438147470790940112, guid: 4550677a5476b3d4b8a598796c576963, type: 3}
  m_PrefabInstance: {fileID: 5033806866235226046}
  m_PrefabAsset: {fileID: 0}
--- !u!1001 &5896845281435176602
PrefabInstance:
  m_ObjectHideFlags: 0
  serializedVersion: 2
  m_Modification:
    m_TransformParent: {fileID: 5923015052710521264}
    m_Modifications:
    - target: {fileID: 1488727159198463786, guid: 5c71a8084d0f3a84abc45e4f0dc7df50, type: 3}
      propertyPath: m_Materials.Array.size
      value: 1
      objectReference: {fileID: 0}
    - target: {fileID: 1899291197025356781, guid: 5c71a8084d0f3a84abc45e4f0dc7df50, type: 3}
      propertyPath: m_Materials.Array.size
      value: 1
      objectReference: {fileID: 0}
    - target: {fileID: 3147214146707308676, guid: 5c71a8084d0f3a84abc45e4f0dc7df50, type: 3}
      propertyPath: m_Name
      value: Prop_Candle_02
      objectReference: {fileID: 0}
    - target: {fileID: 3147214146707308676, guid: 5c71a8084d0f3a84abc45e4f0dc7df50, type: 3}
      propertyPath: m_Layer
      value: 7
      objectReference: {fileID: 0}
    - target: {fileID: 3147214146707479716, guid: 5c71a8084d0f3a84abc45e4f0dc7df50, type: 3}
      propertyPath: m_RootOrder
      value: 3
      objectReference: {fileID: 0}
    - target: {fileID: 3147214146707479716, guid: 5c71a8084d0f3a84abc45e4f0dc7df50, type: 3}
      propertyPath: m_LocalPosition.x
      value: 0.095249176
      objectReference: {fileID: 0}
    - target: {fileID: 3147214146707479716, guid: 5c71a8084d0f3a84abc45e4f0dc7df50, type: 3}
      propertyPath: m_LocalPosition.y
      value: 1.1176149
      objectReference: {fileID: 0}
    - target: {fileID: 3147214146707479716, guid: 5c71a8084d0f3a84abc45e4f0dc7df50, type: 3}
      propertyPath: m_LocalPosition.z
      value: -0.4640236
      objectReference: {fileID: 0}
    - target: {fileID: 3147214146707479716, guid: 5c71a8084d0f3a84abc45e4f0dc7df50, type: 3}
      propertyPath: m_LocalRotation.w
      value: 1
      objectReference: {fileID: 0}
    - target: {fileID: 3147214146707479716, guid: 5c71a8084d0f3a84abc45e4f0dc7df50, type: 3}
      propertyPath: m_LocalRotation.x
      value: -0
      objectReference: {fileID: 0}
    - target: {fileID: 3147214146707479716, guid: 5c71a8084d0f3a84abc45e4f0dc7df50, type: 3}
      propertyPath: m_LocalRotation.y
      value: -0
      objectReference: {fileID: 0}
    - target: {fileID: 3147214146707479716, guid: 5c71a8084d0f3a84abc45e4f0dc7df50, type: 3}
      propertyPath: m_LocalRotation.z
      value: -0
      objectReference: {fileID: 0}
    - target: {fileID: 3147214146707479716, guid: 5c71a8084d0f3a84abc45e4f0dc7df50, type: 3}
      propertyPath: m_LocalEulerAnglesHint.x
      value: 0
      objectReference: {fileID: 0}
    - target: {fileID: 3147214146707479716, guid: 5c71a8084d0f3a84abc45e4f0dc7df50, type: 3}
      propertyPath: m_LocalEulerAnglesHint.y
      value: 0
      objectReference: {fileID: 0}
    - target: {fileID: 3147214146707479716, guid: 5c71a8084d0f3a84abc45e4f0dc7df50, type: 3}
      propertyPath: m_LocalEulerAnglesHint.z
      value: 0
      objectReference: {fileID: 0}
    - target: {fileID: 3504203264016217958, guid: 5c71a8084d0f3a84abc45e4f0dc7df50, type: 3}
      propertyPath: m_Layer
      value: 7
      objectReference: {fileID: 0}
    - target: {fileID: 8454797108343554792, guid: 5c71a8084d0f3a84abc45e4f0dc7df50, type: 3}
      propertyPath: m_Layer
      value: 7
      objectReference: {fileID: 0}
    - target: {fileID: 8454797108343554792, guid: 5c71a8084d0f3a84abc45e4f0dc7df50, type: 3}
      propertyPath: m_IsActive
      value: 1
      objectReference: {fileID: 0}
    - target: {fileID: 8910335707229748783, guid: 5c71a8084d0f3a84abc45e4f0dc7df50, type: 3}
      propertyPath: m_Layer
      value: 7
      objectReference: {fileID: 0}
    m_RemovedComponents:
    - {fileID: 1111886204196155861, guid: 5c71a8084d0f3a84abc45e4f0dc7df50, type: 3}
  m_SourcePrefab: {fileID: 100100000, guid: 5c71a8084d0f3a84abc45e4f0dc7df50, type: 3}
--- !u!1 &8825061980054425118 stripped
GameObject:
  m_CorrespondingSourceObject: {fileID: 3147214146707308676, guid: 5c71a8084d0f3a84abc45e4f0dc7df50, type: 3}
  m_PrefabInstance: {fileID: 5896845281435176602}
  m_PrefabAsset: {fileID: 0}
--- !u!4 &8825061980054524478 stripped
Transform:
  m_CorrespondingSourceObject: {fileID: 3147214146707479716, guid: 5c71a8084d0f3a84abc45e4f0dc7df50, type: 3}
  m_PrefabInstance: {fileID: 5896845281435176602}
  m_PrefabAsset: {fileID: 0}
--- !u!1 &2630300811027057778 stripped
GameObject:
  m_CorrespondingSourceObject: {fileID: 8454797108343554792, guid: 5c71a8084d0f3a84abc45e4f0dc7df50, type: 3}
  m_PrefabInstance: {fileID: 5896845281435176602}
  m_PrefabAsset: {fileID: 0}
--- !u!1001 &5900110012030442667
PrefabInstance:
  m_ObjectHideFlags: 0
  serializedVersion: 2
  m_Modification:
    m_TransformParent: {fileID: 5923015052710521264}
    m_Modifications:
    - target: {fileID: 5361339366110316332, guid: 2e93956a9ebc49a41b1710d96f65f9d4, type: 3}
      propertyPath: m_RootOrder
      value: 6
      objectReference: {fileID: 0}
    - target: {fileID: 5361339366110316332, guid: 2e93956a9ebc49a41b1710d96f65f9d4, type: 3}
      propertyPath: m_LocalPosition.x
      value: 0.13365936
      objectReference: {fileID: 0}
    - target: {fileID: 5361339366110316332, guid: 2e93956a9ebc49a41b1710d96f65f9d4, type: 3}
      propertyPath: m_LocalPosition.y
      value: 1.1177435
      objectReference: {fileID: 0}
    - target: {fileID: 5361339366110316332, guid: 2e93956a9ebc49a41b1710d96f65f9d4, type: 3}
      propertyPath: m_LocalPosition.z
      value: -0.81705475
      objectReference: {fileID: 0}
    - target: {fileID: 5361339366110316332, guid: 2e93956a9ebc49a41b1710d96f65f9d4, type: 3}
      propertyPath: m_LocalRotation.w
      value: 0.50592715
      objectReference: {fileID: 0}
    - target: {fileID: 5361339366110316332, guid: 2e93956a9ebc49a41b1710d96f65f9d4, type: 3}
      propertyPath: m_LocalRotation.x
      value: -0
      objectReference: {fileID: 0}
    - target: {fileID: 5361339366110316332, guid: 2e93956a9ebc49a41b1710d96f65f9d4, type: 3}
      propertyPath: m_LocalRotation.y
      value: -0.8625762
      objectReference: {fileID: 0}
    - target: {fileID: 5361339366110316332, guid: 2e93956a9ebc49a41b1710d96f65f9d4, type: 3}
      propertyPath: m_LocalRotation.z
      value: -0
      objectReference: {fileID: 0}
    - target: {fileID: 5361339366110316332, guid: 2e93956a9ebc49a41b1710d96f65f9d4, type: 3}
      propertyPath: m_LocalEulerAnglesHint.x
      value: 0
      objectReference: {fileID: 0}
    - target: {fileID: 5361339366110316332, guid: 2e93956a9ebc49a41b1710d96f65f9d4, type: 3}
      propertyPath: m_LocalEulerAnglesHint.y
      value: -119.214
      objectReference: {fileID: 0}
    - target: {fileID: 5361339366110316332, guid: 2e93956a9ebc49a41b1710d96f65f9d4, type: 3}
      propertyPath: m_LocalEulerAnglesHint.z
      value: 0
      objectReference: {fileID: 0}
    - target: {fileID: 8952052594516440383, guid: 2e93956a9ebc49a41b1710d96f65f9d4, type: 3}
      propertyPath: m_Name
      value: P_PROP_bottle_09
      objectReference: {fileID: 0}
    - target: {fileID: 8952052594516440383, guid: 2e93956a9ebc49a41b1710d96f65f9d4, type: 3}
      propertyPath: m_Layer
      value: 7
      objectReference: {fileID: 0}
    m_RemovedComponents: []
  m_SourcePrefab: {fileID: 100100000, guid: 2e93956a9ebc49a41b1710d96f65f9d4, type: 3}
--- !u!4 &1983320466602728327 stripped
Transform:
  m_CorrespondingSourceObject: {fileID: 5361339366110316332, guid: 2e93956a9ebc49a41b1710d96f65f9d4, type: 3}
  m_PrefabInstance: {fileID: 5900110012030442667}
  m_PrefabAsset: {fileID: 0}
--- !u!1001 &6253775456767148439
PrefabInstance:
  m_ObjectHideFlags: 0
  serializedVersion: 2
  m_Modification:
    m_TransformParent: {fileID: 5923015052710521264}
    m_Modifications:
    - target: {fileID: 105233299001586933, guid: 9dd6dce8c2be5814685cdfca5e0e0f32, type: 3}
      propertyPath: m_Layer
      value: 7
      objectReference: {fileID: 0}
    - target: {fileID: 254825558829447586, guid: 9dd6dce8c2be5814685cdfca5e0e0f32, type: 3}
      propertyPath: m_Layer
      value: 7
      objectReference: {fileID: 0}
    - target: {fileID: 2920326724229742250, guid: 9dd6dce8c2be5814685cdfca5e0e0f32, type: 3}
      propertyPath: m_RootOrder
      value: 0
      objectReference: {fileID: 0}
    - target: {fileID: 2920326724229742250, guid: 9dd6dce8c2be5814685cdfca5e0e0f32, type: 3}
      propertyPath: m_LocalPosition.x
      value: 0.23165894
      objectReference: {fileID: 0}
    - target: {fileID: 2920326724229742250, guid: 9dd6dce8c2be5814685cdfca5e0e0f32, type: 3}
      propertyPath: m_LocalPosition.y
      value: 1.1359823
      objectReference: {fileID: 0}
    - target: {fileID: 2920326724229742250, guid: 9dd6dce8c2be5814685cdfca5e0e0f32, type: 3}
      propertyPath: m_LocalPosition.z
      value: 0.24494553
      objectReference: {fileID: 0}
    - target: {fileID: 2920326724229742250, guid: 9dd6dce8c2be5814685cdfca5e0e0f32, type: 3}
      propertyPath: m_LocalRotation.w
      value: 1
      objectReference: {fileID: 0}
    - target: {fileID: 2920326724229742250, guid: 9dd6dce8c2be5814685cdfca5e0e0f32, type: 3}
      propertyPath: m_LocalRotation.x
      value: -0
      objectReference: {fileID: 0}
    - target: {fileID: 2920326724229742250, guid: 9dd6dce8c2be5814685cdfca5e0e0f32, type: 3}
      propertyPath: m_LocalRotation.y
      value: -0
      objectReference: {fileID: 0}
    - target: {fileID: 2920326724229742250, guid: 9dd6dce8c2be5814685cdfca5e0e0f32, type: 3}
      propertyPath: m_LocalRotation.z
      value: -0
      objectReference: {fileID: 0}
    - target: {fileID: 2920326724229742250, guid: 9dd6dce8c2be5814685cdfca5e0e0f32, type: 3}
      propertyPath: m_LocalEulerAnglesHint.x
      value: 0
      objectReference: {fileID: 0}
    - target: {fileID: 2920326724229742250, guid: 9dd6dce8c2be5814685cdfca5e0e0f32, type: 3}
      propertyPath: m_LocalEulerAnglesHint.y
      value: 0
      objectReference: {fileID: 0}
    - target: {fileID: 2920326724229742250, guid: 9dd6dce8c2be5814685cdfca5e0e0f32, type: 3}
      propertyPath: m_LocalEulerAnglesHint.z
      value: 0
      objectReference: {fileID: 0}
    - target: {fileID: 2920326724229833354, guid: 9dd6dce8c2be5814685cdfca5e0e0f32, type: 3}
      propertyPath: m_Name
      value: Cooking_MortarPestel
      objectReference: {fileID: 0}
    - target: {fileID: 2920326724229833354, guid: 9dd6dce8c2be5814685cdfca5e0e0f32, type: 3}
      propertyPath: m_Layer
      value: 7
      objectReference: {fileID: 0}
    m_RemovedComponents:
    - {fileID: 4153643073959083434, guid: 9dd6dce8c2be5814685cdfca5e0e0f32, type: 3}
    - {fileID: 4630551353614026497, guid: 9dd6dce8c2be5814685cdfca5e0e0f32, type: 3}
  m_SourcePrefab: {fileID: 100100000, guid: 9dd6dce8c2be5814685cdfca5e0e0f32, type: 3}
--- !u!4 &9101434042273939261 stripped
Transform:
  m_CorrespondingSourceObject: {fileID: 2920326724229742250, guid: 9dd6dce8c2be5814685cdfca5e0e0f32, type: 3}
  m_PrefabInstance: {fileID: 6253775456767148439}
  m_PrefabAsset: {fileID: 0}
--- !u!1001 &7573353410635260698
PrefabInstance:
  m_ObjectHideFlags: 0
  serializedVersion: 2
  m_Modification:
    m_TransformParent: {fileID: 5923015052710521264}
    m_Modifications:
    - target: {fileID: 6869524764709033049, guid: f843dca3045eace41a48c6508b818cb3, type: 3}
      propertyPath: m_RootOrder
      value: 12
      objectReference: {fileID: 0}
    - target: {fileID: 6869524764709033049, guid: f843dca3045eace41a48c6508b818cb3, type: 3}
      propertyPath: m_LocalPosition.x
      value: 0.04365921
      objectReference: {fileID: 0}
    - target: {fileID: 6869524764709033049, guid: f843dca3045eace41a48c6508b818cb3, type: 3}
      propertyPath: m_LocalPosition.y
      value: -0.04623151
      objectReference: {fileID: 0}
    - target: {fileID: 6869524764709033049, guid: f843dca3045eace41a48c6508b818cb3, type: 3}
      propertyPath: m_LocalPosition.z
      value: -0.8220558
      objectReference: {fileID: 0}
    - target: {fileID: 6869524764709033049, guid: f843dca3045eace41a48c6508b818cb3, type: 3}
      propertyPath: m_LocalRotation.w
      value: 0.9819017
      objectReference: {fileID: 0}
    - target: {fileID: 6869524764709033049, guid: f843dca3045eace41a48c6508b818cb3, type: 3}
      propertyPath: m_LocalRotation.x
      value: -0
      objectReference: {fileID: 0}
    - target: {fileID: 6869524764709033049, guid: f843dca3045eace41a48c6508b818cb3, type: 3}
      propertyPath: m_LocalRotation.y
      value: -0.18939167
      objectReference: {fileID: 0}
    - target: {fileID: 6869524764709033049, guid: f843dca3045eace41a48c6508b818cb3, type: 3}
      propertyPath: m_LocalRotation.z
      value: -0
      objectReference: {fileID: 0}
    - target: {fileID: 6869524764709033049, guid: f843dca3045eace41a48c6508b818cb3, type: 3}
      propertyPath: m_LocalEulerAnglesHint.x
      value: 0
      objectReference: {fileID: 0}
    - target: {fileID: 6869524764709033049, guid: f843dca3045eace41a48c6508b818cb3, type: 3}
      propertyPath: m_LocalEulerAnglesHint.y
      value: -21.835
      objectReference: {fileID: 0}
    - target: {fileID: 6869524764709033049, guid: f843dca3045eace41a48c6508b818cb3, type: 3}
      propertyPath: m_LocalEulerAnglesHint.z
      value: 0
      objectReference: {fileID: 0}
    - target: {fileID: 7570038294095717962, guid: f843dca3045eace41a48c6508b818cb3, type: 3}
      propertyPath: m_Name
      value: P_PROP_crate_03
      objectReference: {fileID: 0}
    - target: {fileID: 7570038294095717962, guid: f843dca3045eace41a48c6508b818cb3, type: 3}
      propertyPath: m_Layer
      value: 7
      objectReference: {fileID: 0}
    m_RemovedComponents:
    - {fileID: 3002637480953048635, guid: f843dca3045eace41a48c6508b818cb3, type: 3}
  m_SourcePrefab: {fileID: 100100000, guid: f843dca3045eace41a48c6508b818cb3, type: 3}
--- !u!4 &3912643659603081027 stripped
Transform:
  m_CorrespondingSourceObject: {fileID: 6869524764709033049, guid: f843dca3045eace41a48c6508b818cb3, type: 3}
  m_PrefabInstance: {fileID: 7573353410635260698}
  m_PrefabAsset: {fileID: 0}
--- !u!1001 &7621555882248148134
PrefabInstance:
  m_ObjectHideFlags: 0
  serializedVersion: 2
  m_Modification:
    m_TransformParent: {fileID: 5923015052710521264}
    m_Modifications:
    - target: {fileID: 6402540757168263483, guid: 2713123f8434a9a4cb505741392f7f1c, type: 3}
      propertyPath: m_Name
      value: P_PROP_bottle_05
      objectReference: {fileID: 0}
    - target: {fileID: 6402540757168263483, guid: 2713123f8434a9a4cb505741392f7f1c, type: 3}
      propertyPath: m_Layer
      value: 7
      objectReference: {fileID: 0}
    - target: {fileID: 7962712950206063400, guid: 2713123f8434a9a4cb505741392f7f1c, type: 3}
      propertyPath: m_RootOrder
      value: 8
      objectReference: {fileID: 0}
    - target: {fileID: 7962712950206063400, guid: 2713123f8434a9a4cb505741392f7f1c, type: 3}
      propertyPath: m_LocalPosition.x
      value: 0.1516571
      objectReference: {fileID: 0}
    - target: {fileID: 7962712950206063400, guid: 2713123f8434a9a4cb505741392f7f1c, type: 3}
      propertyPath: m_LocalPosition.y
      value: 1.1177435
      objectReference: {fileID: 0}
    - target: {fileID: 7962712950206063400, guid: 2713123f8434a9a4cb505741392f7f1c, type: 3}
      propertyPath: m_LocalPosition.z
      value: 0.44194412
      objectReference: {fileID: 0}
    - target: {fileID: 7962712950206063400, guid: 2713123f8434a9a4cb505741392f7f1c, type: 3}
      propertyPath: m_LocalRotation.w
      value: 0.79814583
      objectReference: {fileID: 0}
    - target: {fileID: 7962712950206063400, guid: 2713123f8434a9a4cb505741392f7f1c, type: 3}
      propertyPath: m_LocalRotation.x
      value: -0
      objectReference: {fileID: 0}
    - target: {fileID: 7962712950206063400, guid: 2713123f8434a9a4cb505741392f7f1c, type: 3}
      propertyPath: m_LocalRotation.y
      value: -0.6024643
      objectReference: {fileID: 0}
    - target: {fileID: 7962712950206063400, guid: 2713123f8434a9a4cb505741392f7f1c, type: 3}
      propertyPath: m_LocalRotation.z
      value: -0
      objectReference: {fileID: 0}
    - target: {fileID: 7962712950206063400, guid: 2713123f8434a9a4cb505741392f7f1c, type: 3}
      propertyPath: m_LocalEulerAnglesHint.x
      value: 0
      objectReference: {fileID: 0}
    - target: {fileID: 7962712950206063400, guid: 2713123f8434a9a4cb505741392f7f1c, type: 3}
      propertyPath: m_LocalEulerAnglesHint.y
      value: -74.093
      objectReference: {fileID: 0}
    - target: {fileID: 7962712950206063400, guid: 2713123f8434a9a4cb505741392f7f1c, type: 3}
      propertyPath: m_LocalEulerAnglesHint.z
      value: 0
      objectReference: {fileID: 0}
    m_RemovedComponents: []
  m_SourcePrefab: {fileID: 100100000, guid: 2713123f8434a9a4cb505741392f7f1c, type: 3}
--- !u!4 &523553957212059534 stripped
Transform:
  m_CorrespondingSourceObject: {fileID: 7962712950206063400, guid: 2713123f8434a9a4cb505741392f7f1c, type: 3}
  m_PrefabInstance: {fileID: 7621555882248148134}
  m_PrefabAsset: {fileID: 0}
--- !u!1001 &8266169348180395969
PrefabInstance:
  m_ObjectHideFlags: 0
  serializedVersion: 2
  m_Modification:
    m_TransformParent: {fileID: 5923015052710521264}
    m_Modifications:
    - target: {fileID: 5061635920690836837, guid: adc23de7a6bd1194989bb2e4aaa8c1c9, type: 3}
      propertyPath: m_RootOrder
      value: 2
      objectReference: {fileID: 0}
    - target: {fileID: 5061635920690836837, guid: adc23de7a6bd1194989bb2e4aaa8c1c9, type: 3}
      propertyPath: m_LocalPosition.x
      value: 0.26262283
      objectReference: {fileID: 0}
    - target: {fileID: 5061635920690836837, guid: adc23de7a6bd1194989bb2e4aaa8c1c9, type: 3}
      propertyPath: m_LocalPosition.y
      value: 1.1159189
      objectReference: {fileID: 0}
    - target: {fileID: 5061635920690836837, guid: adc23de7a6bd1194989bb2e4aaa8c1c9, type: 3}
      propertyPath: m_LocalPosition.z
      value: 0.6607208
      objectReference: {fileID: 0}
    - target: {fileID: 5061635920690836837, guid: adc23de7a6bd1194989bb2e4aaa8c1c9, type: 3}
      propertyPath: m_LocalRotation.w
      value: 0.98656696
      objectReference: {fileID: 0}
    - target: {fileID: 5061635920690836837, guid: adc23de7a6bd1194989bb2e4aaa8c1c9, type: 3}
      propertyPath: m_LocalRotation.x
      value: -0
      objectReference: {fileID: 0}
    - target: {fileID: 5061635920690836837, guid: adc23de7a6bd1194989bb2e4aaa8c1c9, type: 3}
      propertyPath: m_LocalRotation.y
      value: -0.16335738
      objectReference: {fileID: 0}
    - target: {fileID: 5061635920690836837, guid: adc23de7a6bd1194989bb2e4aaa8c1c9, type: 3}
      propertyPath: m_LocalRotation.z
      value: -0
      objectReference: {fileID: 0}
    - target: {fileID: 5061635920690836837, guid: adc23de7a6bd1194989bb2e4aaa8c1c9, type: 3}
      propertyPath: m_LocalEulerAnglesHint.x
      value: 0
      objectReference: {fileID: 0}
    - target: {fileID: 5061635920690836837, guid: adc23de7a6bd1194989bb2e4aaa8c1c9, type: 3}
      propertyPath: m_LocalEulerAnglesHint.y
      value: -18.804
      objectReference: {fileID: 0}
    - target: {fileID: 5061635920690836837, guid: adc23de7a6bd1194989bb2e4aaa8c1c9, type: 3}
      propertyPath: m_LocalEulerAnglesHint.z
      value: 0
      objectReference: {fileID: 0}
    - target: {fileID: 5061635920691063109, guid: adc23de7a6bd1194989bb2e4aaa8c1c9, type: 3}
      propertyPath: m_Name
      value: Container_Sack_02_Base
      objectReference: {fileID: 0}
    - target: {fileID: 5061635920691063109, guid: adc23de7a6bd1194989bb2e4aaa8c1c9, type: 3}
      propertyPath: m_Layer
      value: 7
      objectReference: {fileID: 0}
    m_RemovedComponents: []
  m_SourcePrefab: {fileID: 100100000, guid: adc23de7a6bd1194989bb2e4aaa8c1c9, type: 3}
--- !u!4 &3785801279798882980 stripped
Transform:
  m_CorrespondingSourceObject: {fileID: 5061635920690836837, guid: adc23de7a6bd1194989bb2e4aaa8c1c9, type: 3}
  m_PrefabInstance: {fileID: 8266169348180395969}
  m_PrefabAsset: {fileID: 0}
--- !u!1001 &8516104797345186693
PrefabInstance:
  m_ObjectHideFlags: 0
  serializedVersion: 2
  m_Modification:
    m_TransformParent: {fileID: 5923015052710521264}
    m_Modifications:
    - target: {fileID: 2291241934032824242, guid: b5e8e64cc2c7d824e8522a1fe02d45cc, type: 3}
      propertyPath: m_Name
      value: P_PROP_crate_02
      objectReference: {fileID: 0}
    - target: {fileID: 2291241934032824242, guid: b5e8e64cc2c7d824e8522a1fe02d45cc, type: 3}
      propertyPath: m_Layer
      value: 7
      objectReference: {fileID: 0}
    - target: {fileID: 2996997936859551137, guid: b5e8e64cc2c7d824e8522a1fe02d45cc, type: 3}
      propertyPath: m_RootOrder
      value: 13
      objectReference: {fileID: 0}
    - target: {fileID: 2996997936859551137, guid: b5e8e64cc2c7d824e8522a1fe02d45cc, type: 3}
      propertyPath: m_LocalPosition.x
      value: 0.08065796
      objectReference: {fileID: 0}
    - target: {fileID: 2996997936859551137, guid: b5e8e64cc2c7d824e8522a1fe02d45cc, type: 3}
      propertyPath: m_LocalPosition.y
      value: -0.04623127
      objectReference: {fileID: 0}
    - target: {fileID: 2996997936859551137, guid: b5e8e64cc2c7d824e8522a1fe02d45cc, type: 3}
      propertyPath: m_LocalPosition.z
      value: 0.35294342
      objectReference: {fileID: 0}
    - target: {fileID: 2996997936859551137, guid: b5e8e64cc2c7d824e8522a1fe02d45cc, type: 3}
      propertyPath: m_LocalRotation.w
      value: 1
      objectReference: {fileID: 0}
    - target: {fileID: 2996997936859551137, guid: b5e8e64cc2c7d824e8522a1fe02d45cc, type: 3}
      propertyPath: m_LocalRotation.x
      value: -0
      objectReference: {fileID: 0}
    - target: {fileID: 2996997936859551137, guid: b5e8e64cc2c7d824e8522a1fe02d45cc, type: 3}
      propertyPath: m_LocalRotation.y
      value: -0
      objectReference: {fileID: 0}
    - target: {fileID: 2996997936859551137, guid: b5e8e64cc2c7d824e8522a1fe02d45cc, type: 3}
      propertyPath: m_LocalRotation.z
      value: -0
      objectReference: {fileID: 0}
    - target: {fileID: 2996997936859551137, guid: b5e8e64cc2c7d824e8522a1fe02d45cc, type: 3}
      propertyPath: m_LocalEulerAnglesHint.x
      value: 0
      objectReference: {fileID: 0}
    - target: {fileID: 2996997936859551137, guid: b5e8e64cc2c7d824e8522a1fe02d45cc, type: 3}
      propertyPath: m_LocalEulerAnglesHint.y
      value: 0
      objectReference: {fileID: 0}
    - target: {fileID: 2996997936859551137, guid: b5e8e64cc2c7d824e8522a1fe02d45cc, type: 3}
      propertyPath: m_LocalEulerAnglesHint.z
      value: 0
      objectReference: {fileID: 0}
    m_RemovedComponents:
    - {fileID: 8289836444386558438, guid: b5e8e64cc2c7d824e8522a1fe02d45cc, type: 3}
  m_SourcePrefab: {fileID: 100100000, guid: b5e8e64cc2c7d824e8522a1fe02d45cc, type: 3}
--- !u!4 &6897317322937407012 stripped
Transform:
  m_CorrespondingSourceObject: {fileID: 2996997936859551137, guid: b5e8e64cc2c7d824e8522a1fe02d45cc, type: 3}
  m_PrefabInstance: {fileID: 8516104797345186693}
  m_PrefabAsset: {fileID: 0}
--- !u!1001 &8621424742496294986
PrefabInstance:
  m_ObjectHideFlags: 0
  serializedVersion: 2
  m_Modification:
    m_TransformParent: {fileID: 5923015052710521264}
    m_Modifications:
    - target: {fileID: 518489810725554595, guid: 81ee253099686f647ab56365aeeeff03, type: 3}
      propertyPath: m_Name
      value: P_PROP_barrel_03
      objectReference: {fileID: 0}
    - target: {fileID: 518489810725554595, guid: 81ee253099686f647ab56365aeeeff03, type: 3}
      propertyPath: m_Layer
      value: 7
      objectReference: {fileID: 0}
    - target: {fileID: 3560467572889631664, guid: 81ee253099686f647ab56365aeeeff03, type: 3}
      propertyPath: m_RootOrder
      value: 9
      objectReference: {fileID: 0}
    - target: {fileID: 3560467572889631664, guid: 81ee253099686f647ab56365aeeeff03, type: 3}
      propertyPath: m_LocalPosition.x
      value: -0.14834213
      objectReference: {fileID: 0}
    - target: {fileID: 3560467572889631664, guid: 81ee253099686f647ab56365aeeeff03, type: 3}
      propertyPath: m_LocalPosition.y
      value: -0.047022343
      objectReference: {fileID: 0}
    - target: {fileID: 3560467572889631664, guid: 81ee253099686f647ab56365aeeeff03, type: 3}
      propertyPath: m_LocalPosition.z
      value: 1.6739426
      objectReference: {fileID: 0}
    - target: {fileID: 3560467572889631664, guid: 81ee253099686f647ab56365aeeeff03, type: 3}
      propertyPath: m_LocalRotation.w
      value: 1
      objectReference: {fileID: 0}
    - target: {fileID: 3560467572889631664, guid: 81ee253099686f647ab56365aeeeff03, type: 3}
      propertyPath: m_LocalRotation.x
      value: -0
      objectReference: {fileID: 0}
    - target: {fileID: 3560467572889631664, guid: 81ee253099686f647ab56365aeeeff03, type: 3}
      propertyPath: m_LocalRotation.y
      value: -0
      objectReference: {fileID: 0}
    - target: {fileID: 3560467572889631664, guid: 81ee253099686f647ab56365aeeeff03, type: 3}
      propertyPath: m_LocalRotation.z
      value: -0
      objectReference: {fileID: 0}
    - target: {fileID: 3560467572889631664, guid: 81ee253099686f647ab56365aeeeff03, type: 3}
      propertyPath: m_LocalEulerAnglesHint.x
      value: 0
      objectReference: {fileID: 0}
    - target: {fileID: 3560467572889631664, guid: 81ee253099686f647ab56365aeeeff03, type: 3}
      propertyPath: m_LocalEulerAnglesHint.y
      value: 0
      objectReference: {fileID: 0}
    - target: {fileID: 3560467572889631664, guid: 81ee253099686f647ab56365aeeeff03, type: 3}
      propertyPath: m_LocalEulerAnglesHint.z
      value: 0
      objectReference: {fileID: 0}
    m_RemovedComponents: []
  m_SourcePrefab: {fileID: 100100000, guid: 81ee253099686f647ab56365aeeeff03, type: 3}
--- !u!4 &5101494554459333626 stripped
Transform:
  m_CorrespondingSourceObject: {fileID: 3560467572889631664, guid: 81ee253099686f647ab56365aeeeff03, type: 3}
  m_PrefabInstance: {fileID: 8621424742496294986}
  m_PrefabAsset: {fileID: 0}
